 Dungeon Crawl Stone Soup version 0.20.0-7-g3b7b877 (webtiles) character file.

174 Gorglomux the Ruffian (level 5, 0/38 HPs)
             Began as a Ghoul Wizard on May 29, 2017.
             Splashed by a jelly's acid (6 damage)
             ... on level 3 of the Dungeon.
             The game lasted 00:03:15 (2296 turns).

Gorglomux the Ruffian (Ghoul Wizard)                Turns: 2296, Time: 00:03:16

Health: 0/38       AC:  2    Str: 11    XL:     5   Next: 54%
Magic:  8/8        EV:  5    Int: 13    God:
Gold:   147        SH:  0    Dex:  8    Spells: 6/9 levels left

rFire    . . .     SeeInvis .     - Unarmed
rCold    + + .     Gourm    .   (no shield)
rNeg     + + +     Faith    .   S - +2 chain mail {rC+}
rPois    ∞         Spirit   .   b - +0 hat
rElec    .         Reflect  .   (no cloak)
rCorr    .         Harm     .   (no gloves)
MR       .....                  (no boots)
Stlth    ..........             (no amulet)
Regen    0.0/turn               l - ring of flight
MPRegen  0.2/turn               (no ring)

@: corroded, rotting
A: rotting body, claws 1, carnivore 3, cold resistance 1, negative energy
resistance 3, inhibited regeneration, torment resistance, unbreathing
a: Evoke Flight


You were on level 3 of the Dungeon.
You were not hungry.

You visited 1 branch of the dungeon, and saw 3 of its levels.

You collected 147 gold pieces.

Inventory:

Armour
 a - a +0 robe
 b - a +0 hat (worn)
 K - a +0 ring mail
 S - a +2 chain mail of cold resistance (worn)
Jewellery
 l - a ring of flight (left claw)
 N - an uncursed amulet of the gourmand {unknown}
 T - a +3 ring of evasion {unknown}
 V - a +2 ring of dexterity {unknown}
 W - an uncursed amulet of faith {unknown}
Wands
 L - a wand of lightning (8/15)
Scrolls
 D - a scroll of teleportation {unknown}
 F - 2 scrolls of identify {unknown}
 G - a scroll of enchant armour {unknown}
 M - a scroll of immolation {unknown}
Potions
 I - a potion of magic {unknown}
 J - a potion of heal wounds {unknown}
 Q - 3 potions of curing
 R - 2 potions of haste
 U - a potion of brilliance {unknown}
 X - a potion of mutation {unknown}
Books
 c - a book of Minor Magic

   Spells                             Type                      Level
   a - Magic Dart                     Conjuration                  1
   b - Blink                          Translocation                2
   c - Call Imp                       Summoning                    2
   d - Slow                           Hexes                        2
   e - Conjure Flame                  Conjuration/Fire             3
   f - Mephitic Cloud                 Conjuration/Poison/Air       3
Comestibles
 z - 2 meat rations
 C - 3 chunks of flesh
 E - 2 royal jellies


   Skills:
 - Level 1.7 Dodging
 - Level 2.1 Stealth
 + Level 5.5 Unarmed Combat
 - Level 2.6 Spellcasting
 - Level 0.7 Conjurations
 - Level 0.8 Summonings
   Level 0.8 Translocations


You had 6 spell levels left.
You knew the following spells:

 Your Spells              Type           Power        Failure   Level  Hunger
a - Magic Dart            Conj           #...         100%        1    #......
b - Call Imp              Summ           #.......     100%        2    ###....


Dungeon Overview and Level Annotations

Branches:
Dungeon (3/15)

Altars:
Xom


Innate Abilities, Weirdness & Mutations

Your body is rotting away.
You thrive on raw meat.
You are immune to poison.
You have sharp fingernails.
You are carnivorous and can eat meat at any time.
Your flesh is cold resistant. (rC+)
You are immune to negative energy. (rN+++)
You do not regenerate when monsters are visible.
You are immune to unholy pain and torment.
You can survive without breathing.


Message History

A jelly is nearby!
You are too injured to fight recklessly!
You are too injured to fight recklessly!
You are too injured to fight recklessly!
You are too injured to fight recklessly!
You are too injured to fight recklessly!
Unknown command.
Unknown command.
You are too injured to fight recklessly!
You are too injured to fight recklessly!
You are too injured to fight recklessly!
You are too injured to fight recklessly!
You are too injured to fight recklessly!
You scratch the jelly but do no damage.
Your claws burn!
* * * LOW HITPOINT WARNING * * *
The jelly is almost dead.
The jelly hits you.
* * * LOW HITPOINT WARNING * * *
You are splashed with acid!
The acid burns!
You die...

...##### ##.###..#######.......#
....>..# #.##...+ +..##.......#
.......####.##...# #...#.......##
.................# #...#.......##
............>....+ +._.#.......##
.....^...........# #...#.......##
..##+######......###...#.........
..##.#########...J.+..##.......##
..##............@######..........
..##.............................
..#############.................#
..# ##########......#.##########
### #<........).................
##########....##############
#..................
##########.######## ♣♣♣.♣


You could see a jelly.

Vanquished Creatures
  Terence (D:2)
  8 adders
  2 oozes
  2 worms
  A dart slug (D:1)
  4 leopard geckos
  7 bats
  5 giant cockroaches
  5 goblins
  4 hobgoblins
  4 jackals (D:2)
  8 kobolds
  A quokka (D:2)
  A ball python (D:3)
  5 frilled lizards
  5 rats
63 creatures vanquished.

Notes
Turn   | Place    | Note
-------+----------+-------------------------------------------
     0 | D:1      | Gorglomux the Ghoul Wizard began the quest for the Orb.
     0 | D:1      | Reached XP level 1. HP: 14/14 MP: 3/3
   376 | D:1      | Reached skill level 1 in Unarmed Combat
   423 | D:1      | Reached XP level 2. HP: 18/20 MP: 4/4
   590 | D:1      | Learned a level 2 spell: Call Imp
   602 | D:1      | Reached skill level 2 in Unarmed Combat
  1009 | D:2      | Reached skill level 3 in Unarmed Combat
  1009 | D:2      | Reached XP level 3. HP: 21/26 MP: 6/6
  1190 | D:2      | Noticed Terence
  1230 | D:2      | Killed Terence
  1230 | D:2      | Reached XP level 4. HP: 12/33 MP: 7/7
  1328 | D:2      | Reached skill level 4 in Unarmed Combat
  1733 | D:3      | Reached skill level 5 in Unarmed Combat
  1733 | D:3      | Reached XP level 5. HP: 31/38 MP: 8/8
  2148 | D:3      | Found a shimmering altar of Xom.
  2296 | D:3      | Splashed by a jelly's acid

Skill      XL: |  1  2  3  4 |
---------------+-------------+-----
Unarmed Combat | 1 3 5 |  5.5
Dodging        | |  1.7
Stealth        | |  2.1
Spellcasting   | |  2.6
Conjurations   | |  0.7
Summonings     | |  0.8
Translocations | |  0.8

Action                   |  1- 3 |  4- 6 || total
-------------------------+-------+-------++-------
Melee: Unarmed           |   101 |   212 ||   313
       Punch             |       |     1 ||     1
 Cast: Magic Dart        |     7 |       ||     7
  Use: Potion            |     2 |       ||     2
 Stab: Sleeping          |     1 |       ||     1
  Eat: Chunk             |     2 |     9 ||    11
Armor: Robe              |     7 |       ||     7
       Ring mail         |    45 |     6 ||    51
       Chain mail        |       |   131 ||   131
Dodge: Dodged            |    73 |    60 ||   133
